[Event "Faroese-ch Open 2025"]
[Site "Torshavn"]
[Date "2025.04.13"]
[Round "2.1"]
[White "Staksberg, Luca Eydun"]
[Black "Morkore, Mortan"]
[Result "1-0"]
[Annotator "NA"]
[ECO "E60"]
[WhiteElo "1692"]
[BlackElo "1681"]
[PlyCount "81"]
[EventDate "2025.04.11"]
[EventType "swiss"]
[EventCountry "FAI"]
[SourceTitle "playchess.com"]
[Source "ChessBase"]
[SourceQuality "1"]
[TimeControl "40/5400+30:900+30"]

1. d4 Nf6 2. c4 g6 3. Nf3 Bg7 4. g3 O-O 5. Bg2 d6 6. O-O a5 7. Nc3 e5 8. dxe5 dxe5 9. Qxd8 Rxd8 10. Bg5 Re8 11. Bxf6 Bxf6 12. Nd5 Bd8 13. Nd2 c6 14. Nc3 f5 15. Rfd1 Bf6 16. e3 Na6 17. Nb3 e4 18. Nd4 Nb4 19. Rab1 Rd8 20. Bf1 c5 21. Ndb5 Rxd1 22. Rxd1 Nd3 23. Bxd3 exd3 24. Rxd3 Be6 25. b3 Rd8 26. Rxd8+ Bxd8 27. f3 Kg7 28. Kf2 Kf6 29. e4 b6 30. Nd5+ Kf7 31. Nbc7 h6 32. Nxe6 Kxe6 33. Ke3 g5 34. a4 h5 35. exf5+ Kxf5 36. h3 Ke6 37. Ke4 Kf7 38. Kf5 Kg7 39. Ke6 Kg6 40. Kd7 Bf6 41. g4 1-0

[Event "Faroese-ch Open 2025"]
[Site "Torshavn"]
[Date "2025.04.13"]
[Round "2.2"]
[White "Anthoniussen, Mannbjorn"]
[Black "Kosini, Bogi a"]
[Result "0-1"]
[Annotator "NA"]
[ECO "D37"]
[WhiteElo "1689"]
[BlackElo "1654"]
[PlyCount "28"]
[EventDate "2025.04.11"]
[EventType "swiss"]
[EventCountry "FAI"]
[SourceTitle "playchess.com"]
[Source "ChessBase"]
[SourceQuality "1"]
[TimeControl "40/5400+30:900+30"]

1. d4 d5 2. c4 e6 3. Nf3 Nf6 4. e3 Be7 5. Nc3 O-O 6. Qc2 b6 7. Bd2 Bb7 8. O-O-O Nbd7 9. Bd3 h6 10. h3 Rc8 11. Rhg1 c5 12. cxd5 Nxd5 13. dxc5 Nxc5 14. e4 Nb4 0-1

[Event "Faroese-ch Open 2025"]
[Site "Torshavn"]
[Date "2025.04.13"]
[Round "2.3"]
[White "Logv, Hanus a"]
[Black "Al-Jay, Zaid"]
[Result "1-0"]
[Annotator "NA"]
[ECO "C01"]
[WhiteElo "1656"]
[BlackElo "1689"]
[PlyCount "75"]
[EventDate "2025.04.11"]
[EventType "swiss"]
[EventCountry "FAI"]
[SourceTitle "playchess.com"]
[Source "ChessBase"]
[SourceQuality "1"]
[TimeControl "40/5400+30:900+30"]

1. e4 e6 2. d4 d5 3. exd5 exd5 4. Bf4 Nc6 5. Nf3 Bd6 6. Bg3 Bf5 7. Bd3 Nge7 8. O-O Qd7 9. Re1 f6 10. Bxf5 Qxf5 11. Bxd6 cxd6 12. Nc3 Kd7 13. Ne2 Nb4 14. Ng3 Qxc2 15. Rxe7+ Kxe7 16. Qe1+ Kd7 17. Qxb4 b6 18. Qb5+ Qc6 19. Qxc6+ Kxc6 20. Nf5 Rhe8 21. Nxg7 Re2 22. Nf5 Rxb2 23. Ne7+ Kb5 24. Nxd5 Rc8 25. Ne3 Ka4 26. Nd1 Re2 27. Kf1 Rcc2 28. Nc3+ Rxc3 29. Kxe2 Ka3 30. Kd2 Rc4 31. Kd3 d5 32. Nd2 Rc6 33. Rb1 Kxa2 34. Rb5 a5 35. Rxd5 a4 36. Rb5 a3 37. Nc4 Re6 38. d5 1-0

[Event "Faroese-ch Open 2025"]
[Site "Torshavn"]
[Date "2025.04.13"]
[Round "2.4"]
[White "Simonsen, Johannes"]
[Black "Joensen, Sigurd"]
[Result "1-0"]
[Annotator "NA"]
[ECO "C41"]
[WhiteElo "1608"]
[BlackElo "1619"]
[PlyCount "81"]
[EventDate "2025.04.11"]
[EventType "swiss"]
[EventCountry "FAI"]
[SourceTitle "playchess.com"]
[Source "ChessBase"]
[SourceQuality "1"]
[TimeControl "40/5400+30:900+30"]

1. e4 e5 2. Nf3 d6 3. d4 Be7 4. dxe5 Bg4 5. exd6 Qxd6 6. Bd3 Nd7 7. Nc3 Ne5 8. Bb5+ c6 9. Qxd6 Bxd6 10. Nxe5 Bxe5 11. Be2 Bxc3+ 12. bxc3 Bxe2 13. Kxe2 O-O-O 14. Bf4 Ne7 15. Rhd1 Ng6 16. Be3 b6 17. Rd3 c5 18. Rad1 Ne5 19. Rd5 Rhe8 20. Rxd8+ Rxd8 21. Rxd8+ Kxd8 22. h3 Kd7 23. f4 Nc4 24. g4 Kc6 25. Bc1 Nd6 26. Ke3 Kb5 27. e5 Ne8 28. Kd3 Nc7 29. c4+ Kc6 30. f5 Ne8 31. Ke4 g6 32. Bf4 f6 33. fxg6 hxg6 34. exf6 Nxf6+ 35. Ke5 Nh7 36. h4 b5 37. cxb5+ Kxb5 38. Ke6 Kb4 39. Kf7 g5 40. hxg5 Nxg5+ 41. Bxg5 1-0

[Event "Faroese-ch Open 2025"]
[Site "Torshavn"]
[Date "2025.04.14"]
[Round "3.1"]
[White "Kosini, Bogi a"]
[Black "Logv, Hanus a"]
[Result "1/2-1/2"]
[Annotator "NA RC"]
[ECO "C55"]
[WhiteElo "1654"]
[BlackElo "1656"]
[PlyCount "164"]
[EventDate "2025.04.11"]
[EventType "swiss"]
[EventCountry "FAI"]
[SourceTitle "playchess.com"]
[Source "ChessBase"]
[SourceQuality "1"]
[TimeControl "40/5400+30:900+30"]

1. e4 e5 2. Nc3 Nc6 3. Bc4 Nf6 4. d3 Be7 5. Nf3 d6 6. h3 O-O 7. O-O Be6 8. Bb3 h6 9. Ne2 d5 10. Ng3 Qd7 11. Nxe5 Nxe5 12. f4 Bxh3 13. fxe5 Bg4 14. Qe1 Nh5 15. Nf5 dxe4 16. Qxe4 Bxf5 17. Qxf5 Qd4+ 18. Kh2 Qh4+ 19. Qh3 Qxh3+ 20. Kxh3 g5 21. Kg4 Ng7 22. Bd2 Rad8 23. Rf3 Rd4+ 24. Kg3 Nh5+ 25. Kf2 Kg7 26. Bc3 Rg4 27. d4 c6 28. Rh1 Nf4 29. g3 Nd5 30. Bxd5 cxd5 31. Ke3 f6 32. exf6+ Rxf6 33. Rxf6 Bxf6 34. Kf3 Re4 35. Rd1 Kg6 36. g4 h5 37. gxh5+ Kxh5 38. Rh1+ Rh4 39. Rd1 Rh3+ 40. Kg2 Re3 41. Bd2 Re2+ 42. Kf3 Rh2 43. Kg3 Rh4 44. c3 g4 45. Rf1 Rh3+ 46. Kg2 Rf3 47. Rxf3 gxf3+ 48. Kxf3 Kg6 49. Kg4 Bd8 50. b3 b5 51. Bf4 Bf6 52. Be5 Bg5 53. Bf4 Bf6 54. Kf3 Kf5 55. Ke3 Bg7 56. Bd6 Ke6 57. Bc5 a6 58. Kd3 Bf6 59. a4 bxa4 60. bxa4 Bd8 61. c4 Ba5 62. Ba7 Kd6 63. Bb8+ Kc6 64. Bf4 Be1 65. c5 Ba5 66. Ke3 Bc3 67. Be5 Ba5 68. Kf4 Bd2+ 69. Kf5 Ba5 70. Ke6 Bd8 71. Bd6 Ba5 72. Ke7 Bc3 73. Be5 Ba5 74. Bf6 Bc7 75. Ke8 Ba5 76. Bg5 Bc3 77. Bf6 Ba5 78. Be5 Bc3 79. Kd8 Bb4 80. Kc8 a5 81. Kb8 Bc3 82. Kc8 Bb4 1/2-1/2

[Event "Faroese-ch Open 2025"]
[Site "Torshavn"]
[Date "2025.04.14"]
[Round "3.2"]
[White "Simonsen, Johannes"]
[Black "Staksberg, Luca Eydun"]
[Result "0-1"]
[Annotator "NA RC"]
[ECO "C01"]
[WhiteElo "1608"]
[BlackElo "1692"]
[PlyCount "146"]
[EventDate "2025.04.11"]
[EventType "swiss"]
[EventCountry "FAI"]
[SourceTitle "playchess.com"]
[Source "ChessBase"]
[SourceQuality "1"]
[TimeControl "40/5400+30:900+30"]

1. e4 e6 2. d4 d5 3. exd5 exd5 4. Nf3 Bd6 5. Bd3 Ne7 6. c3 h6 7. Be3 c6 8. h3 Bf5 9. O-O Nd7 10. Re1 O-O 11. Be2 Qc7 12. Nbd2 Nf6 13. Ne5 Bxe5 14. dxe5 Qxe5 15. Bd4 Qd6 16. Nf3 Ng6 17. c4 b6 18. Rc1 dxc4 19. Bxc4 Rfd8 20. Qb3 Nd5 21. Rcd1 f6 22. a4 Kh8 23. h4 Bg4 24. g3 Nge7 25. Be2 Bxf3 26. Bxf3 Qc7 27. Qc4 c5 28. Bc3 Nxc3 29. bxc3 Rxd1 30. Rxd1 Rd8 31. Re1 Nc6 32. Qe4 Ne5 33. Bd1 Qc6 34. Qxc6 Nxc6 35. f4 Kg8 36. Be2 Ne7 37. Bb5 Kf8 38. Kf2 Kf7 39. Kf3 f5 40. g4 fxg4+ 41. Kxg4 Nd5 42. Bc4 Kf8 43. Re5 Nxc3 44. Rf5+ Ke8 45. Rf7 Rd7 46. Rf5 Re7 47. Kh5 Ne4 48. Bb5+ Kd8 49. Rf8+ Kc7 50. Ba6 Nd6 51. Kg6 c4 52. f5 b5 53. axb5 c3 54. b6+ axb6 55. Bd3 Re3 56. Bc2 Rg3+ 57. Kh7 b5 58. f6 gxf6 59. Rxf6 Rg2 60. Bb3 Rb2 61. Bd1 c2 62. Bxc2 Rxc2 63. Rf3 h5 64. Kg6 Rc5 65. Rb3 Kb6 66. Kf6 Nc4 67. Ke6 Ka5 68. Kf6 b4 69. Kg6 Ka4 70. Rg3 b3 71. Rg5 Rxg5+ 72. Kxg5 b2 73. Kxh5 b1=Q 0-1

[Event "Faroese-ch Open 2025"]
[Site "Torshavn"]
[Date "2025.04.14"]
[Round "3.3"]
[White "Morkore, Mortan"]
[Black "Anthoniussen, Mannbjorn"]
[Result "1-0"]
[Annotator "NA RC"]
[ECO "C02"]
[WhiteElo "1681"]
[BlackElo "1689"]
[PlyCount "77"]
[EventDate "2025.04.11"]
[EventType "swiss"]
[EventCountry "FAI"]
[SourceTitle "playchess.com"]
[Source "ChessBase"]
[SourceQuality "1"]
[TimeControl "40/5400+30:900+30"]

1. e4 e6 2. d4 d5 3. e5 c5 4. c3 Nc6 5. Nf3 Qb6 6. b3 cxd4 7. Nxd4 Bc5 8. Be3 Nxe5 9. b4 Bf8 10. Nb5 Qd8 11. Qh5 a6 12. Qxe5 axb5 13. Bxb5+ Bd7 14. Bxd7+ Qxd7 15. O-O Nf6 16. Rd1 Ng4 17. Qd4 Nxe3 18. fxe3 Rc8 19. e4 f6 20. exd5 e5 21. Qb6 Bd6 22. a4 Ra8 23. a5 Ra6 24. Qf2 O-O 25. Nd2 Rc8 26. Ne4 Bb8 27. Nc5 Rxc5 28. bxc5 Ba7 29. Kf1 Qb5+ 30. Ke1 Bxc5 31. Qe2 Qd7 32. Qc4 Bd6 33. Rdb1 e4 34. Qxe4 Bxh2 35. Rxb7 f5 36. Rxd7 fxe4 37. Re7 Bg3+ 38. Ke2 Rf6 39. Rf1 1-0

[Event "Faroese-ch Open 2025"]
[Site "Torshavn"]
[Date "2025.04.14"]
[Round "3.4"]
[White "Xin, Lisa J."]
[Black "Rasmussen, Gunnleif"]
[Result "1/2-1/2"]
[Annotator "NA RC"]
[ECO "D04"]
[WhiteElo "1562"]
[BlackElo "1489"]
[PlyCount "95"]
[EventDate "2025.04.11"]
[EventType "swiss"]
[EventCountry "FAI"]
[SourceTitle "playchess.com"]
[Source "ChessBase"]
[SourceQuality "1"]
[TimeControl "40/5400+30:900+30"]

1. d4 d5 2. Nf3 Nf6 3. e3 Bg4 4. Be2 Bxf3 5. Bxf3 e6 6. O-O Be7 7. c4 c6 8. cxd5 cxd5 9. Nc3 O-O 10. Bd2 Nbd7 11. Rc1 a6 12. Re1 b5 13. e4 b4 14. Na4 dxe4 15. Bxe4 Nxe4 16. Rxe4 Nf6 17. Rf4 Nd5 18. Rf3 Bg5 19. Bxg5 Qxg5 20. Rg3 Qe7 21. Qd2 Qh4 22. Nc5 Qf4 23. Qxf4 Nxf4 24. Re3 Rfd8 25. g3 Nd5 26. Ree1 a5 27. a4 bxa3 28. bxa3 Rab8 29. Rb1 Nc3 30. Rxb8 Rxb8 31. Re3 Nd5 32. Rb3 Rxb3 33. Nxb3 a4 34. Nc5 Nb6 35. Kf1 Nc4 36. Nxa4 Nxa3 37. Ke2 Nb5 38. Kd3 f5 39. Nc3 Nc7 40. Ke3 Kf7 41. Kf4 Kf6 42. h4 h6 43. f3 g5+ 44. hxg5+ hxg5+ 45. Ke3 Nd5+ 46. Nxd5+ exd5 47. g4 fxg4 48. fxg4 1/2-1/2

[Event "Faroese-ch Open 2025"]
[Site "Torshavn"]
[Date "2025.04.15"]
[Round "4.1"]
[White "Staksberg, Luca Eydun"]
[Black "Kosini, Bogi a"]
[Result "1/2-1/2"]
[Annotator "NA RC"]
[ECO "D02"]
[WhiteElo "1692"]
[BlackElo "1654"]
[PlyCount "51"]
[EventDate "2025.04.11"]
[EventType "swiss"]
[EventCountry "FAI"]
[SourceTitle "playchess.com"]
[Source "ChessBase"]
[SourceQuality "1"]
[TimeControl "40/5400+30:900+30"]

1. d4 d5 2. Nf3 Nf6 3. Bf4 Bf5 4. e3 e6 5. a3 Be7 6. c4 O-O 7. Nc3 b6 8. Rc1 c5 9. h3 Nc6 10. cxd5 exd5 11. Bb5 Na5 12. Be5 c4 13. Ba4 a6 14. Bxf6 Bxf6 15. Bc2 Bxc2 16. Qxc2 Nb3 17. Rd1 Qd6 18. O-O b5 19. Rfe1 Rfe8 20. Nd2 Nxd2 21. Rxd2 Rad8 22. Rde2 Re6 23. Qf5 g6 24. Qc2 Bg7 25. Qd2 Qb6 26. Qd1 1/2-1/2

[Event "Faroese-ch Open 2025"]
[Site "Torshavn"]
[Date "2025.04.15"]
[Round "4.2"]
[White "Logv, Hanus a"]
[Black "Morkore, Mortan"]
[Result "1/2-1/2"]
[Annotator "NA RC"]
[ECO "C53"]
[WhiteElo "1656"]
[BlackElo "1681"]
[PlyCount "71"]
[EventDate "2025.04.11"]
[EventType "swiss"]
[EventCountry "FAI"]
[SourceTitle "playchess.com"]
[Source "ChessBase"]
[SourceQuality "1"]
[TimeControl "40/5400+30:900+30"]

1. e4 e5 2. Nf3 Nc6 3. Bc4 Bc5 4. c3 a6 5. O-O Nf6 6. Re1 d6 7. d4 Ba7 8. Bg5 h6 9. Bh4 g5 10. dxe5 gxh4 11. exf6 Qxf6 12. e5 Nxe5 13. Qe2 Bg4 14. Nbd2 O-O-O 15. Ne4 Nxf3+ 16. gxf3 Qxf3 17. Qxf3 Bxf3 18. Nf6 d5 19. Be2 Rd6 20. Bxf3 Rxf6 21. Bg4+ Kd8 22. Re5 Rxf2 23. Rxd5+ Ke7 24. Re1+ Re2+ 25. Kf1 Rxe1+ 26. Kxe1 Rd8 27. Rxd8 Kxd8 28. h3 Ke7 29. Bc8 b6 30. Bxa6 c5 31. Ke2 Kd6 32. c4 Ke5 33. Ke3 f5 34. Bb7 f4+ 35. Kd3 Bb8 36. Bc6 1/2-1/2

[Event "Faroese-ch Open 2025"]
[Site "Torshavn"]
[Date "2025.04.15"]
[Round "4.3"]
[White "Rasmussen, Gunnleif"]
[Black "Simonsen, Johannes"]
[Result "0-1"]
[Annotator "NA RC"]
[ECO "A48"]
[WhiteElo "1489"]
[BlackElo "1608"]
[PlyCount "146"]
[EventDate "2025.04.11"]
[EventType "swiss"]
[EventCountry "FAI"]
[SourceTitle "playchess.com"]
[Source "ChessBase"]
[SourceQuality "1"]
[TimeControl "40/5400+30:900+30"]

1. d4 Nf6 2. Nf3 d6 3. e3 g6 4. Bd3 Bg7 5. c3 O-O 6. O-O Bg4 7. Nbd2 Re8 8. h3 Bxf3 9. Qxf3 Nbd7 10. e4 c6 11. Re1 e5 12. d5 Nc5 13. Bc2 a5 14. Nb3 Nxb3 15. axb3 cxd5 16. Bg5 dxe4 17. Bxe4 d5 18. Bxf6 dxe4 19. Qxe4 Bxf6 20. Qxb7 Qd2 21. Qf3 Bg7 22. Re2 Qd6 23. Qe4 Red8 24. Qc2 Qb6 25. c4 Qc5 26. Rd2 Rd4 27. Rxd4 exd4 28. Qd2 Bf8 29. Ra4 Qe5 30. c5 Bxc5 31. Rxa5 Rxa5 32. Qxa5 d3 33. Qd8+ Kg7 34. Qxd3 Qxb2 35. Qf3 Qf6 36. Qe2 Qa1+ 37. Kh2 Bd6+ 38. g3 Qe5 39. Qc4 Qc5 40. Qe2 h6 41. Qf3 Be5 42. Kg2 Qc3 43. Qb7 Qb2 44. Qf3 Bd4 45. g4 Bxf2 46. Qxf2 Qxb3 47. Qd4+ Kh7 48. h4 Qc2+ 49. Kh3 Qe2 50. Qf4 Qe6 51. Kg3 Kg7 52. Qd4+ Qf6 53. Qd2 Qe5+ 54. Kh3 h5 55. g5 Qf5+ 56. Kh2 Qg4 57. Qc3+ Kh7 58. Qe1 Qf4+ 59. Kh3 Qc4 60. Qf2 Qd5 61. Kh2 Qe5+ 62. Kh3 Qf5+ 63. Qxf5 gxf5 64. Kg3 Kg6 65. Kf3 f6 66. gxf6 Kxf6 67. Kf4 Ke6 68. Kg5 Ke5 69. Kxh5 f4 70. Kg4 Ke4 71. Kh3 Ke3 72. Kg2 Ke2 73. h5 f3+ 0-1

[Event "Faroese-ch Open 2025"]
[Site "Torshavn"]
[Date "2025.04.15"]
[Round "4.4"]
[White "Al-Jay, Zaid"]
[Black "Xin, Lisa J."]
[Result "0-1"]
[Annotator "NA RC"]
[ECO "C01"]
[WhiteElo "1689"]
[BlackElo "1562"]
[PlyCount "67"]
[EventDate "2025.04.11"]
[EventType "swiss"]
[EventCountry "FAI"]
[SourceTitle "playchess.com"]
[Source "ChessBase"]
[SourceQuality "1"]
[TimeControl "40/5400+30:900+30"]

1. e4 e6 2. d4 d5 3. Bd3 Nf6 4. e5 Nfd7 5. Ne2 c5 6. c3 Nc6 7. a3 Be7 8. O-O O-O 9. Kh1 cxd4 10. cxd4 b6 11. Bxh7+ Kxh7 12. Qc2+ g6 13. Qxc6 Ba6 14. Nbc3 Rc8 15. Qa4 Bd3 16. Qd1 Bc4 17. Qd2 Rh8 18. Qf4 Kg8 19. Be3 Qf8 20. Qf3 Qg7 21. Rfe1 Qh7 22. h3 Bd3 23. Rac1 Kg7 24. Kg1 Nb8 25. Na2 Nc6 26. Nac3 Na5 27. Bf4 g5 28. Be3 Nb3 29. Rcd1 Bc2 30. Qg4 Bxd1 31. Rxd1 Qh5 32. Qg3 Rcg8 33. Rf1 Kf8 34. Nf4 0-1

[Event "Faroese-ch Open 2025"]
[Site "Torshavn"]
[Date "2025.04.16"]
[Round "5.1"]
[White "Logv, Hanus a"]
[Black "Staksberg, Luca Eydun"]
[Result "1/2-1/2"]
[Annotator "NA RC"]
[ECO "C01"]
[WhiteElo "1656"]
[BlackElo "1692"]
[PlyCount "42"]
[EventDate "2025.04.11"]
[EventType "swiss"]
[EventCountry "FAI"]
[SourceTitle "playchess.com"]
[Source "ChessBase"]
[SourceQuality "1"]
[TimeControl "40/5400+30:900+30"]

1. e4 e6 2. d4 d5 3. exd5 exd5 4. Nf3 Nc6 5. Nc3 a6 6. Bd3 Nf6 7. h3 h6 8. Bf4 Bd6 9. Bxd6 Qxd6 10. O-O Be6 11. a3 O-O 12. Re1 g6 13. Qd2 Kg7 14. Ne2 Ne4 15. Qf4 g5 16. Qxd6 Nxd6 17. Ng3 Rfe8 18. Nh5+ Kf8 19. Nf6 Red8 20. c3 Kg7 21. Nh5+ Kf8 1/2-1/2

[Event "Faroese-ch Open 2025"]
[Site "Torshavn"]
[Date "2025.04.16"]
[Round "5.2"]
[White "Kosini, Bogi a"]
[Black "Xin, Lisa J."]
[Result "1-0"]
[Annotator "NA RC"]
[ECO "C01"]
[WhiteElo "1654"]
[BlackElo "1562"]
[PlyCount "137"]
[EventDate "2025.04.11"]
[EventType "swiss"]
[EventCountry "FAI"]
[SourceTitle "playchess.com"]
[Source "ChessBase"]
[SourceQuality "1"]
[TimeControl "40/5400+30:900+30"]

1. e4 e6 2. Nc3 d5 3. exd5 exd5 4. d4 Nf6 5. Nf3 Be7 6. Be2 O-O 7. O-O Bf5 8. h3 h6 9. Bd3 Bxd3 10. Qxd3 c6 11. Ne2 Bd6 12. Bf4 Bxf4 13. Nxf4 Nbd7 14. c3 Re8 15. Rae1 Ne4 16. Nd2 Nxd2 17. Rxe8+ Qxe8 18. Qxd2 Nf6 19. Re1 Qd7 20. Nd3 Ne4 21. Qf4 Re8 22. f3 Nf6 23. Rxe8+ Qxe8 24. Kf2 b6 25. Qc7 Qa8 26. Ne5 c5 27. Qxf7+ Kh7 28. Qg6+ Kg8 29. Nf7 Kf8 30. Nxh6 Ne4+ 31. fxe4 gxh6 32. Qxh6+ Kg8 33. Qe6+ Kh8 34. Qxd5 Qf8+ 35. Qf5 Qh6 36. Qf3 cxd4 37. Qd3 Qh4+ 38. Qg3 Qxe4 39. Qb8+ Kh7 40. Qxa7+ Kh8 41. Qb8+ Kh7 42. Qc7+ Kg8 43. Qd8+ Kh7 44. Qd7+ Kg8 45. Qg4+ Qxg4 46. hxg4 dxc3 47. bxc3 Kg7 48. Ke3 Kf6 49. Kd4 Ke6 50. a4 Kd6 51. g5 Ke6 52. g6 Kf6 53. Kd5 Kxg6 54. Kc6 Kf5 55. Kxb6 Ke4 56. a5 Kd3 57. a6 Kxc3 58. a7 Kd4 59. a8=Q Ke5 60. Qf8 Ke4 61. Qf6 Kd5 62. Qe7 Kc4 63. Qd6 Kb3 64. Qc5 Ka2 65. Qb4 Ka1 66. Kc5 Ka2 67. Kc4 Ka1 68. Kc3 Ka2 69. Qb2# 1-0

[Event "Faroese-ch Open 2025"]
[Site "Torshavn"]
[Date "2025.04.16"]
[Round "5.3"]
[White "Morkore, Mortan"]
[Black "Simonsen, Johannes"]
[Result "1-0"]
[Annotator "NA RC"]
[ECO "B10"]
[WhiteElo "1681"]
[BlackElo "1608"]
[PlyCount "63"]
[EventDate "2025.04.11"]
[EventType "swiss"]
[EventCountry "FAI"]
[SourceTitle "playchess.com"]
[Source "ChessBase"]
[SourceQuality "1"]
[TimeControl "40/5400+30:900+30"]

1. e4 c6 2. Nf3 d5 3. d3 Bg4 4. Be2 e6 5. Ne5 Bxe2 6. Qxe2 dxe4 7. dxe4 Qa5+ 8. Nc3 Qxe5 9. O-O Nf6 10. Rd1 Be7 11. f4 Qc7 12. e5 Nd5 13. Ne4 Nd7 14. c4 N5b6 15. Nd6+ Bxd6 16. exd6 Qd8 17. b4 O-O 18. a4 Qf6 19. Ra3 Rad8 20. a5 Nc8 21. Rg3 e5 22. c5 Qxf4 23. Bxf4 exf4 24. Rf3 g5 25. Rh3 f6 26. Qe6+ Kg7 27. Qf5 h6 28. Re1 Ne5 29. Rxe5 fxe5 30. Qxe5+ Kh7 31. Qxg5 Rfe8 32. Rxh6# 1-0

[Event "Faroese-ch Open 2025"]
[Site "Torshavn"]
[Date "2025.04.16"]
[Round "5.4"]
[White "Rasmussen, Gunnleif"]
[Black "Anthoniussen, Mannbjorn"]
[Result "0-1"]
[Annotator "NA RC"]
[ECO "A45"]
[WhiteElo "1489"]
[BlackElo "1689"]
[PlyCount "58"]
[EventDate "2025.04.11"]
[EventType "swiss"]
[EventCountry "FAI"]
[SourceTitle "playchess.com"]
[Source "ChessBase"]
[SourceQuality "1"]
[TimeControl "40/5400+30:900+30"]

1. d4 d6 2. e3 Nf6 3. Bd3 c6 4. c3 e5 5. Nd2 Be7 6. Ngf3 Bg4 7. h3 Bxf3 8. Qxf3 Nbd7 9. O-O O-O 10. e4 exd4 11. cxd4 h6 12. Nb3 Nh7 13. Bf4 Ng5 14. Qg3 Nf6 15. h4 Nh5 16. Qg4 Nxf4 17. Qxf4 Ne6 18. Qg4 Bxh4 19. g3 Bf6 20. d5 cxd5 21. exd5 Nc5 22. Nxc5 dxc5 23. Qe4 g6 24. Rab1 Bd4 25. Kg2 Re8 26. Qf4 Qxd5+ 27. f3 Be3 28. Bc4 Qd2+ 29. Rf2 Qxf2+ 0-1

[Event "Faroese-ch Open 2025"]
[Site "Torshavn"]
[Date "2025.04.16"]
[Round "5.6"]
[White "Joensen, Sigurd"]
[Black "Al-Jay, Zaid"]
[Result "1/2-1/2"]
[Annotator "NA RC"]
[ECO "C02"]
[WhiteElo "1619"]
[BlackElo "1689"]
[PlyCount "149"]
[EventDate "2025.04.11"]
[EventType "swiss"]
[EventCountry "FAI"]
[SourceTitle "playchess.com"]
[Source "ChessBase"]
[SourceQuality "1"]
[TimeControl "40/5400+30:900+30"]

1. e4 e6 2. Nf3 d5 3. e5 c5 4. c3 Bd7 5. d4 Nc6 6. Be2 cxd4 7. cxd4 Nge7 8. O-O Nf5 9. Be3 Qb6 10. b3 Be7 11. a3 O-O 12. b4 a6 13. Qd3 Na7 14. Nc3 Rac8 15. Rac1 Rc7 16. g4 Nxe3 17. Qxe3 Rfc8 18. Nd2 Bb5 19. Bxb5 Nxb5 20. Ndb1 Qxd4 21. Qxd4 Nxd4 22. f4 Nb5 23. Ne2 Rxc1 24. Rxc1 Rxc1+ 25. Nxc1 Kf8 26. Nb3 b6 27. Kf1 Ke8 28. Ke2 Kd7 29. Kd3 Kc6 30. a4 Nc7 31. Nd4+ Kd7 32. Kc3 f6 33. Nd2 b5 34. a5 fxe5 35. fxe5 Ne8 36. N2f3 h6 37. Nc2 g6 38. Ncd4 Ng7 39. h3 Bd8 40. Nb3 Be7 41. Nbd4 Ne8 42. Nb3 Bf8 43. Nbd4 Bg7 44. Kd3 h5 45. Nb3 Nc7 46. Nbd4 Bh6 47. Nh4 hxg4 48. hxg4 Ke7 49. Nxg6+ Kf7 50. Nh4 Bf4 51. Nhf3 Bh6 52. Nb3 Bf8 53. Kc3 d4+ 54. Kxd4 Bxb4 55. Ng5+ Ke7 56. Ne4 Ba3 57. Nec5 Kf7 58. Ke4 Kg6 59. Kf4 Bb4 60. Nd3 Nd5+ 61. Kf3 Kg5 62. Nxb4 Nxb4 63. Nc5 Nc6 64. Nxe6+ Kg6 65. Nc5 Nxe5+ 66. Kf4 Nc6 67. Nxa6 Nxa5 68. Nb4 Nb7 69. g5 Nc5 70. Kg4 Ne6 71. Kf3 Kxg5 72. Ke4 Kf6 73. Kd5 Ke7 74. Nc2 Kd7 75. Na3 1/2-1/2

[Event "Faroese-ch Open 2025"]
[Site "Torshavn"]
[Date "2025.04.17"]
[Round "6.1"]
[White "Morkore, Mortan"]
[Black "Kosini, Bogi a"]
[Result "0-1"]
[Annotator "NA RC"]
[ECO "C64"]
[WhiteElo "1681"]
[BlackElo "1654"]
[PlyCount "52"]
[EventDate "2025.04.11"]
[EventType "swiss"]
[EventCountry "FAI"]
[SourceTitle "playchess.com"]
[Source "ChessBase"]
[SourceQuality "1"]
[TimeControl "40/5400+30:900+30"]

1. e4 e5 2. Nf3 Nc6 3. Bb5 Bc5 4. c3 d6 5. d4 exd4 6. cxd4 Bb4+ 7. Kf1 Bd7 8. Qa4 Rb8 9. d5 Nge7 10. dxc6 bxc6 11. Qxb4 cxb5 12. Qd4 O-O 13. Bg5 f6 14. Be3 b4 15. Nbd2 Bb5+ 16. Kg1 c5 17. a4 cxd4 18. Nxd4 Bd7 19. Nc4 d5 20. Nd6 Nc6 21. Rd1 Nxd4 22. Rxd4 Bxa4 23. Rxd5 Bc6 24. Nf7 Qc7 25. Nh6+ gxh6 26. Bf4 Qxf4 0-1

[Event "Faroese-ch Open 2025"]
[Site "Torshavn"]
[Date "2025.04.17"]
[Round "6.2"]
[White "Staksberg, Luca Eydun"]
[Black "Anthoniussen, Mannbjorn"]
[Result "0-1"]
[Annotator "NA RC"]
[ECO "A23"]
[WhiteElo "1692"]
[BlackElo "1689"]
[PlyCount "80"]
[EventDate "2025.04.11"]
[EventType "swiss"]
[EventCountry "FAI"]
[SourceTitle "playchess.com"]
[Source "ChessBase"]
[SourceQuality "1"]
[TimeControl "40/5400+30:900+30"]

1. c4 e5 2. g3 Bc5 3. Bg2 Nf6 4. Nc3 O-O 5. e3 c6 6. Nge2 d6 7. O-O Bg4 8. d3 Nbd7 9. a3 h6 10. b4 Bb6 11. b5 Rc8 12. Qb3 Nc5 13. Qc2 Qd7 14. bxc6 bxc6 15. e4 Bh3 16. Kh1 Bxg2+ 17. Kxg2 Qg4 18. f4 Ne6 19. Nd1 exf4 20. Bxf4 Nxf4+ 21. Rxf4 Qg5 22. Rf5 Qg6 23. h3 d5 24. Ndc3 dxe4 25. dxe4 Rfe8 26. Raf1 Re7 27. g4 Rce8 28. Ng3 Bc7 29. Re1 h5 30. Nxh5 Nxh5 31. Rxh5 Be5 32. Na4 Qd6 33. c5 Qd4 34. Rd1 Qe3 35. Qd3 Qf4 36. Rf5 Qh2+ 37. Kf1 Bg3 38. Rd2 Qxh3+ 39. Ke2 Rxe4+ 40. Kd1 Qxg4+ 0-1

[Event "Faroese-ch Open 2025"]
[Site "Torshavn"]
[Date "2025.04.17"]
[Round "6.3"]
[White "Simonsen, Johannes"]
[Black "Logv, Hanus a"]
[Result "1/2-1/2"]
[Annotator "NA RC"]
[ECO "C28"]
[WhiteElo "1608"]
[BlackElo "1656"]
[PlyCount "89"]
[EventDate "2025.04.11"]
[EventType "swiss"]
[EventCountry "FAI"]
[SourceTitle "playchess.com"]
[Source "ChessBase"]
[SourceQuality "1"]
[TimeControl "40/5400+30:900+30"]

1. e4 e5 2. Nc3 Nc6 3. Bc4 Nf6 4. d3 Be7 5. f4 exf4 6. Nf3 d6 7. Bxf4 Be6 8. Bxe6 fxe6 9. O-O e5 10. Be3 O-O 11. Nh4 Nxe4 12. Rxf8+ Qxf8 13. Nxe4 Bxh4 14. Qg4 Qe7 15. g3 Bf6 16. Rf1 Rf8 17. Nxf6+ Rxf6 18. Rxf6 Qxf6 19. Qc8+ Kf7 20. Qxb7 Qf3 21. Qxc7+ Ke6 22. Qc8+ Kf7 23. Qd7+ Ne7 24. Bxa7 Qd1+ 25. Kg2 Qxc2+ 26. Bf2 Qxd3 27. Qb7 e4 28. Qb3+ Qxb3 29. axb3 Nc6 30. Be1 d5 31. b4 Na7 32. Kf2 Ke6 33. Bc3 g6 34. g4 Nb5 35. Ke3 h5 36. h3 Kd6 37. Bg7 Ke6 38. Kf4 hxg4 39. hxg4 Nd6 40. b3 Nb5 41. Ke3 Kf7 42. Bb2 Ke6 43. Kf4 Kd6 44. Be5+ Ke6 45. Bb2 1/2-1/2

[Event "Faroese-ch Open 2025"]
[Site "Torshavn"]
[Date "2025.04.17"]
[Round "6.6"]
[White "Joensen, Sigurd"]
[Black "Rasmussen, Gunnleif"]
[Result "1/2-1/2"]
[Annotator "NA RC"]
[ECO "A02"]
[WhiteElo "1619"]
[BlackElo "1489"]
[PlyCount "48"]
[EventDate "2025.04.11"]
[EventType "swiss"]
[EventCountry "FAI"]
[SourceTitle "playchess.com"]
[Source "ChessBase"]
[SourceQuality "1"]
[TimeControl "40/5400+30:900+30"]

1. f4 e5 2. fxe5 d6 3. Nf3 Nc6 4. d3 Nxe5 5. Nxe5 dxe5 6. e4 Nf6 7. Be2 Bc5 8. Bg5 Qd4 9. c3 Qf2+ 10. Kd2 Nxe4+ 11. dxe4 f6 12. Rf1 Qxg2 13. Be3 Bxe3+ 14. Kxe3 Qg5+ 15. Kd3 Bh3 16. Qa4+ c6 17. Rd1 O-O-O+ 18. Kc2 Rxd1 19. Bxd1 Rd8 20. Qxa7 Qg2+ 21. Kc1 Qf1 22. Nd2 Qe1 23. Qa8+ Kc7 24. Qa5+ Kc8 1/2-1/2